 Dungeon Crawl Stone Soup version 0.29.1-13-g9f3cf754e1 (webtiles) character file.

Game seed: 70435633842413796

40 sankara the Trooper (level 3, -9/33 HPs)
             Began as a Hill Orc Fighter on Feb 2, 2023.
             Mangled by an iguana (11 damage)
             ... on level 3 of the Dungeon.
             The game lasted 00:02:01 (1697 turns).

sankara the Trooper (Hill Orc Fighter)              Turns: 1697, Time: 00:02:01

Health: -9/33      AC: 10    Str: 18    XL:     3   Next: 50%
Magic:  3/3        EV: 10    Int:  8    God:
Gold:   118        SH:  4    Dex: 12    Spells: 2/2 levels left

rFire   . . .      SeeInvis .   a - +0 war axe
rCold   . . .      Faith    .   c - +0 buckler
rNeg    . . .      Spirit   .   n - +0 chain mail
rPois   .          Reflect  .   i - +0 helmet
rElec   .          Harm     .   (no cloak)
rCorr   .          Rampage  .   (no gloves)
Will    .....                   (no boots)
Stlth   ..........              (no amulet)
HPRegen 0.11/turn               l - +4 ring of evasion
MPRegen 0.08/turn               m - ring of flight

@: flying
A: no striking features
a: no special abilities


You were on level 3 of the Dungeon.
You visited 1 branch of the dungeon, and saw 3 of its levels.

You collected 118 gold pieces.

Inventory:

Hand Weapons
 a - a +0 war axe (weapon)
 g - a +2 flail of protection
Missiles
 e - 2 poisoned darts (quivered)
Armour
 c - a +0 buckler (worn)
 i - a +0 helmet (worn)
 n - a +0 chain mail (worn)
Jewellery
 l - a +4 ring of evasion (left hand)
 m - a ring of flight (right hand)
Scrolls
 b - a scroll of enchant weapon {unknown}
 f - 3 scrolls of identify {unknown}
 k - a scroll of vulnerability {unknown}
Potions
 d - a potion of might
 h - 2 potions of brilliance {unknown}
 j - a potion of mutation {unknown}
 o - a potion of attraction {unknown}


   Skills:
 + Level 4.1 Fighting
 + Level 3.3 Axes
 + Level 3.7 Armour
 + Level 3.7 Shields


You had 2 spell levels left.
You didn't know any spells.
Your spell library contained the following spells:

 Spells                   Type           Power      Damage    Failure   Level
 Sting                    Tmut/Pois      0%         1d3       100%        1
 Poisonous Vapours        Pois/Air       0%         N/A       100%        2
 Olgreb's Toxic Radiance  Pois           0%         N/A       100%        4


Dungeon Overview and Level Annotations

Branches:
Dungeon (3/15)

Altars:


Message History

Where to? (Enter - D:2, ? - help)
There is a stone staircase leading down here.
You fly downwards.
There is a stone staircase leading up here.
An iguana comes into view.
Found a stone staircase leading down.
The iguana hisses angrily.
You hit the iguana.
The iguana is lightly wounded.
The iguana bites you.
You slash the iguana!
The iguana is heavily wounded.
The iguana bites you.
You barely miss the iguana.
The iguana is heavily wounded.
The iguana barely misses you.
The iguana hisses menacingly.
The iguana bites you.
You barely miss the iguana.
The iguana is heavily wounded.
The iguana bites you!
You are too injured to fight recklessly!
You are too injured to fight recklessly!
You are too injured to fight recklessly!
You are too injured to fight recklessly!
You hit the iguana.
The iguana is severely wounded.
The iguana closely misses you.
You hit the iguana.
The iguana is severely wounded.
The iguana bites you but does no damage.
The iguana bites you!
* * * LOW HITPOINT WARNING * * *
You closely miss the iguana.
The iguana is severely wounded.
The iguana misses you.
You closely miss the iguana.
The iguana is severely wounded.
The iguana bites you!
You die...

. ## . #.
#.##. .##
.... .>
#..# .##..
#...# #l#.#
#.@.#####.#
#...<.....#
#.#########
#. ##


You could see an iguana.

Vanquished Creatures
  2 endoplasms
  2 goblins (D:1)
  4 hobgoblins
  6 jackals (D:1)
  6 kobolds
  3 quokkas
  3 ball pythons
  3 bats (D:1)
  2 frilled lizards (D:1)
  4 rats (D:1)
35 creatures vanquished.

Notes
Turn   | Place    | Note
-------+----------+-------------------------------------------
     0 | D:1      | sankara the Hill Orc Fighter began the quest for the Orb.
     0 | D:1      | Reached XP level 1. HP: 19/19 MP: 1/1
   199 | D:1      | Reached XP level 2. HP: 4/27 MP: 2/2
   751 | D:1      | Reached skill level 4 in Fighting
   756 | D:1      | Reached XP level 3. HP: 24/33 MP: 3/3
  1697 | D:3      | Mangled by an iguana

Illustrated notes

Levels and vault maps discovered:
D:1:      lightli_arrival_boilingwater, layout_rooms, minmay_pentomino_s2
D:2:      layout_loops_cross
D:3:      layout_basic, minmay_misc_feat_tower, st_stairs_7,
          minmay_misc_feat_five, grunt_ministairs_10, minmay_between

Skill      XL: |  1  2 |
---------------+-------+-----
Axes           | 3 |  3.3
Fighting       | 4 |  4.1
Armour         | |  3.7
Shields        | |  3.7

Action                   || total
-------------------------++-------
Melee: War axe           ||   114
Armor: Scale mail        ||    48
       Chain mail        ||     3
Dodge: Dodged            ||    53
Block: Buckler           ||    29
